 Dungeon Crawl Stone Soup version 0.23.2-40-g277498a001 (webtiles) character file.

Game seed: 1853768389132290621

105 CitizenNev the Slasher (level 4, -2/42 HPs)
             Began as a Minotaur Fighter on Aug 22, 2019.
             Slain by a river rat (3 damage)
             ... summoned by Eustachio
             ... on level 4 of the Dungeon.
             The game lasted 00:06:14 (1729 turns).

CitizenNev the Slasher (Minotaur Fighter)           Turns: 1729, Time: 00:06:15

Health: -2/42      AC:  9    Str: 27      XL:     4   Next: 54%
Magic:  2/2        EV:  5    Int:  5      God:
Gold:   102        SH:  9    Dex:  3 (7)  Spells: 3/3 levels left

rFire    . . .     SeeInvis .   a - +1 long sword
rCold    . . .     Gourm    .   c - +0 shield
rNeg     . . .     Faith    .   b - +0 scale mail
rPois    +         Spirit   .   (helmet restricted)
rElec    .         Reflect  .   (no cloak)
rCorr    .         Harm     .   l - +0 pair of gloves
MR       +....                  g - +0 pair of boots
Stlth    ..........             (no amulet)
HPRegen  0.14/turn              e - ring of protection from magic
MPRegen  0.08/turn              j - -2 ring of evasion (curse)

@: mighty
A: retaliatory headbutt, horns 2, clumsy 1, low mp 1, poison resistance, robust
1
a: no special abilities


You were on level 4 of the Dungeon.
You were not hungry.

You visited 1 branch of the dungeon, and saw 4 of its levels.

You collected 102 gold pieces.

Inventory:

Hand Weapons
 a - a +1 long sword (weapon)
Armour
 b - a +0 scale mail (worn)
 c - a +0 shield (worn)
 g - a +0 pair of boots (worn)
 l - a +0 pair of gloves (worn)
Jewellery
 e - a ring of protection from magic (left hand)
 j - a cursed -2 ring of evasion (right hand)
 p - an uncursed ring of wizardry {unknown}
Scrolls
 i - a scroll of enchant weapon
 m - a scroll of amnesia
Comestibles
 f - 3 rations


   Skills:
 - Level 3.6 Fighting
 * Level 5.9 Long Blades
 - Level 3.6 Armour
 - Level 3.6 Shields


You had 3 spell levels left.
You didn't know any spells.
Your spell library was empty.

Dungeon Overview and Level Annotations

Branches:
Dungeon (4/15)
 Temple: D:4-7

Altars:

Annotations:
D:4 Eustachio


Innate Abilities, Weirdness & Mutations

You reflexively headbutt those who attack you in melee.
You have a pair of horns on your head.
You are clumsy. (Dex -2)
Your magical capacity is low. (-10% MP)
Your system is resistant to poisons. (rPois)
You are robust. (+10% HP)


Message History

The quasit barely misses you. The quokka bites you.
* * * LOW HITPOINT WARNING * * *
The worker ant closely misses you.
You slash Eustachio!
Eustachio is severely wounded.
The quasit bites you but does no damage.
The quasit claws you but does no damage. x2
The quokka bites you but does no damage.
The river rat bites you.
* * * LOW HITPOINT WARNING * * *
Eustachio hits you but does no damage. The worker ant completely misses you.
You riposte.
You slash the worker ant!
The worker ant is almost dead.
The quasit bites you but does no damage.
The quasit barely misses you.
The quasit claws you but does no damage.
The quokka bites you.
* * * LOW HITPOINT WARNING * * *
The river rat bites you.
You die...

#####..##...........
##..#..........(...#.
##.......?....<.......
#.......?...#.........
#..........(#........#
..........#....##...##
..........#.##.......#
%.......r5..##...#....
.......@@ar..#...# ..#
...)...##r......## #.#
......# .5......#
....## .......... ####
#..........
#..........
...........
..#...##.##.


You could see Eustachio, a worker ant, a quasit, 2 river rats, an ufetubus and a
quokka.

Vanquished Creatures
  3 gnolls (D:2)
  An adder (D:2)
  4 dart slugs
  3 leopard geckos
  2 orcs (D:3)
  9 bats
  A giant cockroach (D:3)
  6 goblins
  7 hobgoblins
  2 ball pythons
  12 frilled lizards
  5 kobolds
  3 rats
58 creatures vanquished.

Notes
Turn   | Place    | Note
-------+----------+-------------------------------------------
     0 | D:1      | CitizenNev the Minotaur Fighter began the quest for the
                  | Orb.
     0 | D:1      | Reached XP level 1. HP: 19/19 MP: 0/0
    57 | D:1      | Reached skill level 3 in Long Blades
   105 | D:1      | Reached XP level 2. HP: 22/26 MP: 1/1
   227 | D:1      | Reached skill level 4 in Long Blades
   931 | D:2      | Reached XP level 3. HP: 31/31 MP: 2/2
   956 | D:2      | Reached skill level 5 in Long Blades
  1058 | D:2      | Reached XP level 4. HP: 39/39 MP: 3/3
  1456 | D:3      | Found a faded altar of an unknown god.
  1666 | D:3      | Gained mutation: You are clumsy. (Dex -2) [potion of
                  | mutation]
  1666 | D:3      | Gained mutation: Your magical capacity is low. (-10% MP)
                  | [potion of mutation]
  1666 | D:3      | Gained mutation: You are robust. (+10% HP) [potion of
                  | mutation]
  1666 | D:3      | Gained mutation: Your system is resistant to poisons.
                  | (rPois) [potion of mutation]
  1702 | D:4      | Noticed Eustachio
  1729 | D:4      | HP: 2/42 [river rat[Eustachio] (3)]
  1729 | D:4      | Slain by a river rat

Skill      XL: |  1  2  3 |
---------------+----------+-----
Long Blades    | 3 4 5 |  5.9
Fighting       | |  3.6
Armour         | |  3.6
Shields        | |  3.6

Action                   |  1- 3 |  4- 6 || total
-------------------------+-------+-------++-------
Melee: Long sword        |    79 |    48 ||   127
       Headbutt          |    12 |    10 ||    22
  Use: Potion            |     2 |     4 ||     6
       Scroll            |     1 |     3 ||     4
  Eat: Chunk             |       |     3 ||     3
Armor: Scale mail        |    36 |    72 ||   108
Dodge: Dodged            |    23 |    28 ||    51
Block: Shield            |    38 |    44 ||    82
       Rpst.: Long sword |     8 |     7 ||    15
